NCAA
TENNESSEE VOLUNTEERS @ VIRGINIA CAVALIERS
05/03/2025
 
TOP OF THE 1ST
Tennessee Volunteers batting - Pitching for Virginia Cavaliers : RHP Oscar Murray
Pitching: RHP Oscar Murray
Batting: RHB John Jones 0-0: Ground out 5-3 (Groundball, 5S)
Batting: RHB Mike Alexander 0-0: Ball
1-0: Fly out, F8 (Flyball, 8RM)
Batting: SHB Scott Cox 0-0: Ball
1-0: Called Strike
1-1: Ball
2-1: Fly out, F6 (Popup, 78S)
Top of the 1st over - 0 run(s), 0 hit(s), 0 error(s), 0 left on base; Tennessee 0 - Virginia 0
BOTTOM OF THE 1ST
Virginia Cavaliers batting - Pitching for Tennessee Volunteers : LHP Kent McKean
Pitching: LHP Kent McKean
Batting: RHB Bartolo Reyes 0-0: Called Strike
0-1: Called Strike
0-2: Ball
1-2: Ball
2-2: Ball
3-2: Base on Balls
Batting: SHB Walton Locke 0-0: Ball
1-0: Called Strike
1-1: Foul Ball, location: 2F
1-2: Ball
2-2: Ball
3-2: Base on Balls
Bartolo Reyes to second
Batting: RHB Curt Owens 0-0: Ball
1-0: Ball
2-0: Ball
3-0: Called Strike
3-1: DOUBLE (Line Drive, 9LM)
Bartolo Reyes scores
Walton Locke to third
Batting: LHB Gabriel Aragón 0-0: Swinging Strike
0-1: Ball
1-1: DOUBLE (Line Drive, 34D)
Walton Locke scores
Curt Owens scores
Batting: RHB Jimmy Hoffman 0-0: Ball
1-0: Called Strike
1-1: Swinging Strike
1-2: Fly out, F7 (Line Drive, 7M)
Batting: RHB Stan Taylor 0-0: Called Strike
0-1: Ball
1-1: Foul Ball, location: 2F
1-2: Strikes out swinging
Batting: RHB Sean Johnson 0-0: Ball
1-0: Ground out 4-3 (Groundball, 34)
Bottom of the 1st over - 3 run(s), 2 hit(s), 0 error(s), 1 left on base; Tennessee 0 - Virginia 3
TOP OF THE 2ND
Tennessee Volunteers batting - Pitching for Virginia Cavaliers : RHP Oscar Murray
Batting: RHB Tanner Albert 0-0: Called Strike
0-1: Ball
1-1: Ground out 4-3 (Groundball, 4)
Batting: RHB José Rosales 0-0: Called Strike
0-1: Called Strike
0-2: Ball
1-2: Ball
2-2: Strikes out swinging
Batting: RHB Juan Corvarubia 0-0: Ball
1-0: Ball
2-0: Foul Ball, location: 2F
2-1: Ball
3-1: Base on Balls
Batting: RHB Courtnay Beck 0-0: Ball
1-0: Foul Ball, location: 2F
1-1: Fly out, F9 (Flyball, 89M)
Top of the 2nd over - 0 run(s), 0 hit(s), 0 error(s), 1 left on base; Tennessee 0 - Virginia 3
BOTTOM OF THE 2ND
Virginia Cavaliers batting - Pitching for Tennessee Volunteers : LHP Kent McKean
Batting: LHB Jerry Tolbert 0-0: Ball
1-0: Ball
2-0: Ball
3-0: Called Strike
3-1: Base on Balls
Batting: RHB Bruce Kefer 0-0: Ball
1-0: Ball
2-0: Ball
3-0: Base on Balls
Jerry Tolbert to second
Batting: RHB Bartolo Reyes 0-0: Ball
1-0: Ball
2-0: Reached on error, E4 (Groundball, 4)
Jerry Tolbert to third
Bruce Kefer to second
Batting: SHB Walton Locke 0-0: Swinging Strike
0-1: Ball
1-1: Ball
2-1: Ground out 5-3 (Groundball, 5S)
Jerry Tolbert scores
Bruce Kefer to third
Bartolo Reyes to second
Batting: RHB Curt Owens 0-0: Called Strike
0-1: SINGLE (Line Drive, 89S)
Bruce Kefer scores
Bartolo Reyes to third
Runner from 3rd tries for Home, SAFE, no throw or cutoff
Batting: LHB Gabriel Aragón 0-0: SINGLE (Groundball, 6MD)
Curt Owens to second
Runner from 2nd tries for 3rd, SAFE, throw made to third
Batting: RHB Jimmy Hoffman 0-0: Ball
Gabriel Aragón is caught stealing 2nd base
1-0: Called Strike
1-1: Foul Ball, location: 2F
1-2: DOUBLE (Flyball, 89D)
Curt Owens scores
Batting: RHB Stan Taylor 0-0: Foul Ball, location: 2F
0-1: Fly out, F9 (Flyball, 9M)
Bottom of the 2nd over - 4 run(s), 3 hit(s), 1 error(s), 1 left on base; Tennessee 0 - Virginia 7
TOP OF THE 3RD
Tennessee Volunteers batting - Pitching for Virginia Cavaliers : RHP Oscar Murray
Batting: RHB Travis Colbert 0-0: Ball
1-0: Foul Ball, location: 2F
1-1: Ball
2-1: Foul Ball, location: 2F
2-2: Ball
3-2: Strikes out swinging
Batting: RHB Kevin Manning 0-0: Ball
1-0: Called Strike
1-1: Swinging Strike
1-2: Fly out, F8 (Flyball, 8RXD)
Batting: RHB John Jones 0-0: Foul Ball, location: 2F
0-1: Fly out, F6 (Line Drive, 6)
Top of the 3rd over - 0 run(s), 0 hit(s), 0 error(s), 0 left on base; Tennessee 0 - Virginia 7
BOTTOM OF THE 3RD
Virginia Cavaliers batting - Pitching for Tennessee Volunteers : LHP Kent McKean
Batting: RHB Sean Johnson 0-0: Called Strike
0-1: Ground out 5-3 (Groundball, 56)
Batting: LHB Jerry Tolbert 0-0: Called Strike
0-1: Ball
1-1: Ball
2-1: Ball
3-1: Called Strike
3-2: Fly out, F8 (Flyball, 8RM)
Batting: RHB Bruce Kefer 0-0: Ground out 2-3 (Groundball, 2R)
Bottom of the 3rd over - 0 run(s), 0 hit(s), 0 error(s), 0 left on base; Tennessee 0 - Virginia 7
TOP OF THE 4TH
Tennessee Volunteers batting - Pitching for Virginia Cavaliers : RHP Oscar Murray
Batting: RHB Mike Alexander 0-0: Ball
1-0: Ball
2-0: Swinging Strike
2-1: Ball
3-1: Base on Balls
Batting: SHB Scott Cox 0-0: Swinging Strike
0-1: Called Strike
0-2: Ball
1-2: Ball
2-2: Ball
3-2: Strikes out looking
Batting: RHB Tanner Albert 0-0: Ball
1-0: Called Strike
1-1: Ball
2-1: Grounds into double play, 6-4-3 (Groundball, 6)
Top of the 4th over - 0 run(s), 0 hit(s), 0 error(s), 0 left on base; Tennessee 0 - Virginia 7
BOTTOM OF THE 4TH
Virginia Cavaliers batting - Pitching for Tennessee Volunteers : LHP Kent McKean
Pitching: LHP Robert Williams
Batting: RHB Bartolo Reyes 0-0: Ball
1-0: Ball
2-0: Called Strike
2-1: Ball
3-1: Foul Ball, location: 2F
3-2: Foul Ball, location: 2F
3-2: Base on Balls
Batting: SHB Walton Locke 0-0: Ball
1-0: SINGLE (Groundball, 6D)
Bartolo Reyes to second
Batting: RHB Curt Owens 0-0: Ground out 1-3 (Groundball, 4M)
Bartolo Reyes to third
Walton Locke to second
Batting: LHB Gabriel Aragón 0-0: Ball
1-0: Swinging Strike
1-1: Foul Ball, location: 2F
1-2: Ball
2-2: Ball
3-2: Base on Balls
Batting: RHB Jimmy Hoffman 0-0: Ball
1-0: Ball
2-0: Foul Ball, location: 2F
2-1: Ball
3-1: SINGLE (Line Drive, 4MD)
Bartolo Reyes scores
Walton Locke to third
Gabriel Aragón to second
Runner from 3rd tries for Home, SAFE, throw made home
Batting: RHB Stan Taylor 0-0: Foul Ball, location: 2F
0-1: Ball
1-1: Called Strike
1-2: Ball
2-2: Foul Ball, location: 2F
2-2: Fly out, F7 (Flyball, 7M)
Batting: RHB Sean Johnson 0-0: Called Strike
0-1: SINGLE (Line Drive, 56D)
Gabriel Aragón to third
Jimmy Hoffman to second
Batting: LHB Jerry Tolbert 0-0: Called Strike
0-1: Called Strike
0-2: Strikes out swinging
Bottom of the 4th over - 2 run(s), 3 hit(s), 0 error(s), 3 left on base; Tennessee 0 - Virginia 9
TOP OF THE 5TH
Tennessee Volunteers batting - Pitching for Virginia Cavaliers : RHP Oscar Murray
Batting: RHB José Rosales 0-0: Fly out, F6 (Line Drive, 6)
Batting: RHB Juan Corvarubia 0-0: Ball
1-0: Foul Ball, location: 2F
1-1: SOLO HOME RUN (Line Drive, 7LD), Distance : 334 ft
Batting: RHB Courtnay Beck 0-0: Ball
1-0: Ball
2-0: Ground out 1-3 (Groundball, 25)
Batting: RHB Travis Colbert 0-0: Ball
1-0: Ball
2-0: Called Strike
2-1: SINGLE (Line Drive, 78S)
Batting: RHB Kevin Manning 0-0: 2-RUN HOME RUN (Flyball, 9D), Distance : 360 ft
Batting: RHB John Jones 0-0: Swinging Strike
0-1: Swinging Strike
0-2: SINGLE (Flyball, 8LS)
Batting: RHB Mike Alexander 0-0: Foul Ball, location: 2F
0-1: Foul Ball, location: 2F
0-2: SINGLE (Groundball, 6M)
John Jones to second
John Jones to third
Batting: SHB Scott Cox 0-0: Called Strike
0-1: SINGLE (Line Drive, 6MD)
John Jones scores
Mike Alexander to second
Batting: RHB Tanner Albert 0-0: Ball
1-0: Ball
2-0: Called Strike
2-1: Foul Ball, location: 2F
2-2: Hit by Pitch
Mike Alexander to third
Scott Cox to second
Batting: RHB José Rosales 0-0: Called Strike
0-1: Fly out, F8 (Flyball, 8RM)
Top of the 5th over - 4 run(s), 6 hit(s), 0 error(s), 3 left on base; Tennessee 4 - Virginia 9
BOTTOM OF THE 5TH
Virginia Cavaliers batting - Pitching for Tennessee Volunteers : LHP Robert Williams
Batting: RHB Bruce Kefer 0-0: Ball
1-0: Ball
2-0: Ball
3-0: Called Strike
3-1: Foul Ball, location: 2F
3-2: Strikes out looking
Batting: RHB Bartolo Reyes 0-0: Called Strike
0-1: Swinging Strike
0-2: Strikes out swinging
Batting: SHB Walton Locke 0-0: Foul Ball, location: 2F
0-1: Ball
1-1: DOUBLE (Groundball, 5L)
Batting: RHB Curt Owens 0-0: Called Strike
0-1: Foul Ball, location: 2F
0-2: Foul Ball, location: 2F
0-2: Hit by Pitch
Batting: LHB Gabriel Aragón 0-0: Called Strike
0-1: Ball
1-1: Ground out 5-3 (Groundball, 5)
Bottom of the 5th over - 0 run(s), 1 hit(s), 0 error(s), 2 left on base; Tennessee 4 - Virginia 9
TOP OF THE 6TH
Tennessee Volunteers batting - Pitching for Virginia Cavaliers : RHP Oscar Murray
Batting: RHB Juan Corvarubia 0-0: Foul Ball, location: 2F
0-1: Called Strike
0-2: Foul Ball, location: 2F
0-2: Foul Ball, location: 2F
0-2: Foul Ball, location: 2F
0-2: Ball
1-2: Ground out 4-3 (Groundball, 4M)
Pitching: RHP Tom Tucker
Batting: RHB Courtnay Beck 0-0: Foul Ball, location: 2F
0-1: Called Strike
0-2: Strikes out looking
Batting: RHB Travis Colbert 0-0: Ball
1-0: Ball
2-0: Called Strike
2-1: Ball
3-1: Foul Ball, location: 2F
3-2: Foul Ball, location: 2F
3-2: Strikes out swinging
Top of the 6th over - 0 run(s), 0 hit(s), 0 error(s), 0 left on base; Tennessee 4 - Virginia 9
BOTTOM OF THE 6TH
Virginia Cavaliers batting - Pitching for Tennessee Volunteers : LHP Robert Williams
Pitching: RHP Martin Nicholson
Batting: RHB Jimmy Hoffman 0-0: Ball
1-0: Foul Ball, location: 2F
1-1: Called Strike
1-2: Strikes out swinging
Batting: RHB Stan Taylor 0-0: Ball
1-0: Ball
2-0: Ball
3-0: Base on Balls
Batting: RHB Sean Johnson 0-0: Swinging Strike
0-1: Swinging Strike
0-2: Ball
1-2: Strikes out swinging
Batting: LHB Jerry Tolbert 0-0: Ball
1-0: Called Strike
Stan Taylor steals 2nd base
1-1: Ground out 4-3 (Groundball, 4)
Bottom of the 6th over - 0 run(s), 0 hit(s), 0 error(s), 1 left on base; Tennessee 4 - Virginia 9
TOP OF THE 7TH
Tennessee Volunteers batting - Pitching for Virginia Cavaliers : RHP Tom Tucker
Batting: RHB Kevin Manning 0-0: Foul Ball, location: 2F
0-1: Ground out 4-3 (Groundball, 4)
Batting: RHB John Jones 0-0: Ball
1-0: Swinging Strike
1-1: Ball
2-1: SINGLE (Groundball, 4MD)
Batting: RHB Mike Alexander 0-0: Ball
Wild Pitch!
John Jones to second
Balk!
John Jones to third
1-0: Called Strike
1-1: Swinging Strike
1-2: Strikes out looking
Batting: SHB Scott Cox 0-0: Ball
1-0: Ball
2-0: Called Strike
2-1: Swinging Strike
2-2: Ball
3-2: Base on Balls
Batting: RHB Tanner Albert 0-0: Swinging Strike
0-1: Ball
1-1: Ball
2-1: Ball
3-1: Base on Balls
Scott Cox to second
Pitching: RHP Dave Martin
Batting: RHB José Rosales 0-0: Ball
1-0: Ball
2-0: Foul Ball, location: 2F
2-1: Called Strike
2-2: Ball
3-2: Base on Balls
John Jones scores
Scott Cox to third
Tanner Albert to second
Batting: RHB Juan Corvarubia 0-0: Called Strike
0-1: Ball
1-1: Fly out, F9 (Flyball, 89M)
Top of the 7th over - 1 run(s), 1 hit(s), 0 error(s), 3 left on base; Tennessee 5 - Virginia 9
BOTTOM OF THE 7TH
Virginia Cavaliers batting - Pitching for Tennessee Volunteers : RHP Martin Nicholson
Batting: RHB Bruce Kefer 0-0: Fly out, F7 (Flyball, 78XD)
Batting: RHB Bartolo Reyes 0-0: Ball
1-0: Ball
2-0: Called Strike
2-1: Called Strike
2-2: Ball
3-2: Fly out, F8 (Flyball, 8LM)
Batting: SHB Walton Locke 0-0: Ball
1-0: SINGLE (Groundball, 6MD)
Batting: RHB Curt Owens 0-0: Ball
1-0: Ball
2-0: Foul Ball, location: 2F
2-1: Ball
3-1: Fly out, F9 (Flyball, 9M)
Bottom of the 7th over - 0 run(s), 1 hit(s), 0 error(s), 1 left on base; Tennessee 5 - Virginia 9
TOP OF THE 8TH
Tennessee Volunteers batting - Pitching for Virginia Cavaliers : RHP Dave Martin
Batting: RHB Courtnay Beck 0-0: Called Strike
0-1: Ball
1-1: Ball
2-1: Swinging Strike
2-2: Foul Ball, location: 2F
2-2: Strikes out swinging
Batting: RHB Travis Colbert 0-0: Ball
1-0: Ball
2-0: Called Strike
2-1: Called Strike
2-2: Ball
3-2: Strikes out swinging
Batting: RHB Kevin Manning 0-0: Ball
1-0: Fly out, F7 (Line Drive, 78M)
Top of the 8th over - 0 run(s), 0 hit(s), 0 error(s), 0 left on base; Tennessee 5 - Virginia 9
BOTTOM OF THE 8TH
Virginia Cavaliers batting - Pitching for Tennessee Volunteers : RHP Martin Nicholson
Pitching: LHP Stephen Bernard
Batting: LHB Gabriel Aragón 0-0: Called Strike
0-1: Ball
1-1: Ball
2-1: Ball
3-1: Swinging Strike
3-2: SINGLE (Line Drive, 78S)
Batting: RHB Jimmy Hoffman 0-0: Called Strike
0-1: Foul Ball, location: 2F
0-2: Strikes out swinging
Batting: RHB Stan Taylor 0-0: 2-RUN HOME RUN (Flyball, 7LD), Distance : 341 ft
Batting: RHB Sean Johnson 0-0: Ground out 1-3 (Groundball, 13)
Batting: LHB Jerry Tolbert 0-0: Ball
1-0: Called Strike
1-1: Ball
2-1: Ground out U3 (Groundball, 3)
Bottom of the 8th over - 2 run(s), 2 hit(s), 0 error(s), 0 left on base; Tennessee 5 - Virginia 11
TOP OF THE 9TH
Tennessee Volunteers batting - Pitching for Virginia Cavaliers : RHP Dave Martin
Now at 3B: Jorge Tamayo
Batting: RHB John Jones 0-0: Ball
1-0: Ground out 6-3 (Groundball, 6)
Batting: RHB Mike Alexander 0-0: Ground out 4-3 (Groundball, 34)
Batting: SHB Scott Cox 0-0: SINGLE (Line Drive, 9S)
Batting: RHB Tanner Albert 0-0: Ball
1-0: Called Strike
1-1: Swinging Strike
1-2: Strikes out looking
Top of the 9th over - 0 run(s), 1 hit(s), 0 error(s), 1 left on base; Tennessee 5 - Virginia 11
This league is powered by Out of the Park Baseball, the baseball management simulation game for PC, Mac and Linux
Tuesday, August 2nd, 2016 - OOTP Baseball 16.8 Build 38